 Dungeon Crawl Stone Soup version 0.25-a0-339-gb37b713 (webtiles) character file.

Game seed: 13684564042567080563, levelgen mode: deterministic

68581 Firecrotchwizard the Fencer (level 14, -12/133 HPs)
             Began as a Minotaur Berserker on Dec 28, 2019.
             Was a High Priest of Trog.
             Mangled by a vault guard
             ... wielding a +0 great sword
              (18 damage)
             ... on level 14 of the Dungeon.
             The game lasted 00:40:54 (16683 turns).

Firecrotchwizard the Fencer (Minotaur Berserker)   Turns: 16683, Time: 00:40:54

Health: -12/133    AC: 24    Str: 26    XL:     14   Next: 87%
Magic:  19/19      EV: 14    Int:  9    God:    Trog [*****.]
Gold:   824        SH:  0    Dex: 17    Spells: 13/13 levels left

rFire    . . .     SeeInvis .   Y - +9 triple sword (slice)
rCold    . . .     Gourm    .   (shield currently unavailable)
rNeg     + . .     Faith    .   Q - +4 chain mail {MR+}
rPois    +         Spirit   .   (helmet restricted)
rElec    +         Reflect  .   O - +2 cloak
rCorr    .         Harm     .   b - +0 pair of gloves of the Unbroken {rElec Int+3} (curse)
MR       +++..                  l - +0 pair of boots "Wylakluh" {Str+4}
Stlth    ..........             m - amulet of regeneration {+regen, !d}
HPRegen  0.72/turn              t - ring of protection from magic {MR+, !d}
MPRegen  0.16/turn              X - ring "Kiadgh" {+Blink rPois rN+ Dex+4}

@: no status effects
A: retaliatory headbutt, horns 2
a: Berserk, Trog's Hand, Brothers in Arms, Renounce Religion, Evoke Blink


You were on level 14 of the Dungeon.
You worshipped Trog.
Trog was extremely pleased with you.
You were not hungry.

You visited 2 branches of the dungeon, and saw 20 of its levels.
You also visited: Ice Cave and Volcano.

You collected 1553 gold pieces.
You spent 729 gold pieces at shops.

Inventory:

Hand Weapons
 y - a +1 scimitar of flaming
   (You took it off an efreet on level 14 of the Dungeon)
 L - a +3 great sword of slicing
   (Trog gifted it to you on level 8 of the Dungeon)
 Y - a +9 triple sword of slicing (weapon)
   (Trog gifted it to you on level 11 of the Dungeon)
Missiles
 g - 113 poisoned darts
 D - a throwing net {=f, !d}
 Z - 4 curare-tipped darts
Armour
 b - the cursed +0 pair of gloves of the Unbroken (worn) {rElec Int+3}
   (You found it on level 1 of the Lair of Beasts)

   It affects your intelligence (+3).
   It insulates you from electricity.
   It has a curse placed upon it.
 l - the +0 pair of boots "Wylakluh" (worn) {Str+4}
   (You found it on level 5 of the Dungeon)

   It affects your strength (+4).
 O - a +2 cloak (worn)
   (You found it on level 9 of the Dungeon)
 Q - a +4 chain mail of magic resistance (worn)
   (You took it off Urug on level 2 of the Lair of Beasts)
Jewellery
 m - an amulet of regeneration (around neck) {+regen, !d}
   (You found it on level 1 of the Dungeon)
 t - a ring of protection from magic (left hand) {MR+, !d}
   (You found it on level 7 of the Dungeon)
 v - an uncursed ring of protection from fire {rF+, !d}
   (You found it on level 2 of the Dungeon)
 w - an uncursed ring of stealth {Stlth+}
   (You found it on level 2 of the Dungeon)
 x - a +5 ring of intelligence
   (You took it off a kobold on level 12 of the Dungeon)
 N - the cursed necklace of Bloodlust {*Rage +Rage MR++ Int-3 Slay+6 *Curse}
   (You found it on level 9 of the Dungeon)

   [amulet of rage]

   It affects your intelligence (-3).
   It affects your accuracy and damage with ranged weapons and melee attacks
   (+6).
   It affects your resistance to hostile enchantments.
   It lets you go berserk.
   It may make you go berserk in combat.
   It curses itself when equipped.
   It has a curse placed upon it.
 P - an uncursed ring of flight {+Fly, !d}
   (You found it on level 1 of the Lair of Beasts)
 T - an uncursed ring of resist corrosion
   (You took it off Rupert on level 6 of the Lair of Beasts)
 X - the ring "Kiadgh" (right hand) {+Blink rPois rN+ Dex+4}
   (You bought it in a shop on level 9 of the Dungeon)

   [ring of dexterity]

   It affects your dexterity (+4).
   It protects you from poison.
   It protects you from negative energy.
   It lets you blink.
Wands
 s - a wand of clouds (7)
   (You found it on level 7 of the Dungeon)
 F - a wand of random effects (57)
   (You found it on level 7 of the Dungeon)
 K - a wand of acid (4)
   (You found it on level 8 of the Dungeon)
Scrolls
 e - 2 scrolls of blinking {!r}
 h - 4 scrolls of magic mapping {!r}
 j - 3 scrolls of identify
 p - 13 scrolls of teleportation
 q - 3 scrolls of amnesia
 z - 2 scrolls of immolation {!r}
 G - 2 scrolls of holy word {!r}
 I - 2 scrolls of enchant weapon
 J - a scroll of fear
 R - 3 scrolls of remove curse
 U - a scroll of enchant armour
Potions
 d - 4 potions of lignification {!q}
 f - 7 potions of degeneration {!q}
 i - 2 potions of flight
 k - 4 potions of curing {unknown}
 n - 3 potions of heal wounds {unknown}
 o - 2 potions of haste
 r - 2 potions of mutation {!q}
 u - 9 potions of might
 A - a potion of brilliance {unknown}
 B - a potion of magic {unknown}
 C - 4 potions of berserk rage {unknown}
 E - a potion of invisibility {unknown}
 S - 3 potions of resistance {unknown}
 V - a potion of agility {unknown}
Miscellaneous
 M - a box of beasts
Comestibles
 a - a chunk of flesh {@w0}
 c - 44 rations


   Skills:
 + Level 14.3 Fighting
 * Level 18.8 Long Blades
 + Level 14.1 Armour
 - Level 8.0 Dodging
 + Level 9.1 Evocations


You had 13 spell levels left.
You didn't know any spells.
Your spell library was empty.

Dungeon Overview and Level Annotations

Branches:
Dungeon (14/15)            Temple (0/1) D:5            Lair (6/6) D:8
 Shoals (0/4) Lair:2       Spider (0/4) Lair:3        Slime (0/5) Lair:5
    Orc (0/2) D:11          IceCv (visited)         Volcano (visited)
 Vaults: D:13-14

Altars:
Fedhas
Gozag

Shops:
D:9 %*   D:10 *

Annotations:
Lair:3 exclusion: orb spider
Lair:5 exclusion: 3 oklob plants


Innate Abilities, Weirdness & Mutations

You reflexively headbutt those who attack you in melee.
You have a pair of horns on your head.


Message History

You butcher the elf corpse.
a - 2 chunks of flesh {@w0}
Things that are here:
a +0 long sword of slicing; a +0 ring mail; an elf skeleton Autoeating chunks.
Eating one of 2 chunks of flesh {@w0}.
You eat one of the 2 chunks of flesh {@w0}.
A troll comes into view.
A troll is nearby!
The troll closely misses you.
You riposte.
You cut the troll into ribbons!!!
You kill the troll!
Trog accepts your kill.
You see here 24 arrows.
Found a stone staircase leading down.
You now have 824 gold pieces (gained 16).
c - 44 rations (gained 1)
An efreet comes into view.
It is wielding a +1 scimitar of flaming.
Found a stone staircase leading down.
The efreet gestures at you.
The fireball explodes!
The fireball engulfs you.
The fireball engulfs the efreet.
The efreet completely resists.
You hear an angry hiss.
You slice the efreet!!
You kill the efreet!
Trog accepts your kill.
You take 2 damage, and have 130/133 hp.
You see here a +1 scimitar of flaming.
S - 3 fuming ruby potions (gained 1)
A guardian serpent comes into view.
The guardian serpent shouts!
Health restored: 133 You chop the guardian serpent into pieces!!!
You kill the guardian serpent!
Trog accepts your kill.
Trog appreciates your killing of a magic user.
An iguana comes into view.
You slash the iguana! You headbutt the iguana.
You kill the iguana!
Trog accepts your kill.
You see here a +1 scimitar of flaming.
y - a +1 scimitar of flaming The orc knight shouts!
The deep elf knight shouts!
The deep elf knight is too close now for your liking.
No reachable target in view!
The vault guard shouts!
The deep elf archer shouts!
The deep elf archer shoots an arrow.
The arrow hits you!
You see here an arrow.
You take 17 damage, and have 116/133 hp.
You open the gate.
A human and a vault guard come into view.
The human shouts!
The vault guard shouts!
The deep elf knight casts a spell at you.
The stone arrow hits you!!
An ogre mage comes into view. It is wielding a +0 halberd.
You take 33 damage, and have 86/133 hp.
MASSIVE DAMAGE!!
A wizard comes into view. It is wielding a -3 dagger.
The wizard shouts!
The ogre mage shouts!
The human hits you but does no damage.
There is an open gate here.
You closely miss the human. Your headbutt misses the human.
The human hits you but does no damage.
You slash the human! Your headbutt misses the human.
The human closely misses you.
You riposte.
You slash the human!
You kill the human!
Trog accepts your kill.
The ogre mage points at you and mumbles some strange words.
The crystal spear hits you!!!
* * * LOW HITPOINT WARNING * * *
Items here: ( )) [ † a +0 dagger; a +0 arbalest; 10 bolts; a +0 leather armour; a human corpse You take 49 damage, and have 39/133 hp.
MASSIVE DAMAGE!!
The vault guard hits you with a +0 great sword.
* * * LOW HITPOINT WARNING * * *
The wizard casts a spell at you. You resist with almost no effort.
The ogre mage hits you but does no damage.
You take 1 damage, and have 38/133 hp.
The ogre mage barely misses you.
You dice the ogre mage like an onion!!!
You headbutt the ogre mage, but do no damage.
The wizard points at you and mumbles some strange words.
The lance of force hits you!
* * * LOW HITPOINT WARNING * * *
You are knocked back by the lance of force.
You slam into the metal wall!
* * * LOW HITPOINT WARNING * * *
The vault guard hits you with a +0 great sword.
* * * LOW HITPOINT WARNING * * *
The ogre mage gestures at you while chanting.
The bolt of cold hits you!
* * * LOW HITPOINT WARNING * * *
Your chain mail prevents you from hitting the ogre mage.
You headbutt the ogre mage. The wizard barely misses you.
The ogre mage points at you and mumbles some strange words.
The crystal spear misses you.
The vault guard hits you with a +0 great sword!!
You die...

#..# #...............#
#..# # #..#
#.≈≈≈≈.(...≈≈≈≈.# #..#
# #..#
#.≈≈≈≈≈≈...≈≈≈≈≈≈.
#..# #
#..##.≈≈≈≈≈≈≈...≈≈≈≈≈≈
#..# #
#..##.≈≈≈≈≈≈≈...≈≈≈≈≈≈
#..# #
########.e###'''###p$#
#### # #...# #)..# .
#...# #.p.# #. #.p@#
#.#O# ...... .........
...........
######+#####


You could see a vault guard, an ogre mage and a wizard.

Vanquished Creatures
  Rupert (Lair:6)
  Snorg (Lair:4)
  A red draconian (Volcano)
  A catoblepas (Lair:6)
  3 hydras
  8 two-headed ogres
  11 death yaks
  An ogre mage (Volcano)
  A deep troll shaman (Lair:6)
  3 death knights
  Urug (Lair:2)
  Nergalle (D:10)
  An unseen horror (D:10)
  2 lindwurms (Lair:6)
  A phantasmal warrior (D:12)
  5 ugly things
  2 deep elf magi (D:14)
  3 manticores
  3 cyclopes
  27 elephants
  4 black mambas
  A guardian serpent (shapeshifter) (D:14)
  4 spiny frogs
  A gargoyle (D:13)
  A rime drake (Lair:6)
  4 kobold demonologists
  7 komodo dragons
  A redback zombie (D:13)
  An efreet (D:14)
  4 ice devils
  2 freezing wraiths (D:14)
  2 trolls
  A queen bee (D:10)
  3 polar bears
  A hornet (D:13)
  10 hippogriffs
  4 blink frogs (Lair:6)
  A shadow (D:11)
  12 yaks
  3 wyverns
  5 wraiths
  A human (D:14)
  3 hungry ghosts
  An acid dragon (D:14)
  8 water moccasins
  13 porcupines
  9 orc warriors
  8 black bears
  An ice beast (D:12)
  8 sky beasts
  4 necrophages (D:8)
  10 ogres
  2 phantoms
  6 wolves (Lair:6)
  9 centaurs
  11 crocodiles
  7 big kobolds
  17 bullfrogs
  3 gnoll sergeants
  2 wyvern skeletons
  10 scorpions
  17 killer bees
  8 wights (D:11)
  3 howler monkeys
  3 centaur zombies
  3 bullfrog zombies
  11 crimson imps
  4 jellies
  A quasit (D:9)
  3 bullfrog skeletons
  11 hounds
  11 orc wizards
  17 orc priests
  2 centaur skeletons
  6 iguanas
  10 worker ants
  2 hound zombies
  2 hound skeletons (D:6)
  A mummy (D:8)
  2 worker ant zombies (D:8)
  22 gnolls
  A howler monkey skeleton (D:4)
  11 adders
  4 shadow imps
  An ooze (D:4)
  An adder skeleton (D:3)
  2 worms (D:2)
  3 dart slugs
  5 leopard geckos
  60 orcs
  5 bats
  5 giant cockroaches
  4 hobgoblins
  18 jackals
  38 kobolds
  10 quokkas
  2 ball pythons
  3 frilled lizards
  5 goblins
  A quokka skeleton (D:6)
  A quokka zombie (D:5)
  7 rats
608 creatures vanquished.

Vanquished Creatures (others)
  A bush (Lair:4)
  38 fungi
  8 plants
47 creatures vanquished.

Grand Total: 655 creatures vanquished

Notes
Turn   | Place    | Note
-------+----------+-------------------------------------------
     0 | D:1      | Firecrotchwizard the Minotaur Berserker began the quest for
                  | the Orb.
     0 | D:1      | Reached XP level 1. HP: 19/19 MP: 0/0
   531 | D:2      | Reached XP level 2. HP: 25/27 MP: 1/1
   627 | D:2      | Reached skill level 4 in Fighting
   627 | D:2      | Reached skill level 4 in Long Blades
   627 | D:2      | Reached skill level 3 in Armour
   631 | D:2      | Reached XP level 3. HP: 30/33 MP: 2/2
  1187 | D:3      | Reached skill level 3 in Dodging
  1188 | D:3      | Reached ** piety under Trog
  1190 | D:3      | Reached XP level 4. HP: 41/41 MP: 3/3
  1981 | D:4      | Reached XP level 5. HP: 45/47 MP: 4/4
  2045 | D:4      | Reached skill level 5 in Long Blades
  2166 | D:4      | Got a faintly glowing robe
  2192 | D:4      | Reached skill level 4 in Armour
  2245 | D:4      | Noticed an ogre
  2255 | D:4      | Killed an ogre
  2255 | D:4      | Reached skill level 5 in Fighting
  2255 | D:4      | Reached XP level 6. HP: 46/56 MP: 5/5
  2481 | D:4      | Reached *** piety under Trog
  2497 | D:4      | Reached skill level 4 in Dodging
  2548 | D:4      | Reached skill level 6 in Long Blades
  2664 | D:5      | Entered Level 5 of the Dungeon
  2757 | D:5      | Found an opulent altar of Gozag.
  2829 | D:5      | Reached XP level 7. HP: 38/61 MP: 6/6
  3003 | D:5      | Reached skill level 5 in Armour
  3283 | D:5      | Got a pair of fine boots
  3317 | D:5      | Reached skill level 7 in Long Blades
  3320 | D:5      | Reached skill level 6 in Fighting
  3369 | D:5      | Identified the +0 pair of boots "Wylakluh" {Str+4} (You
                  | found it on level 5 of the Dungeon)
  3623 | D:5      | Found a staircase to the Ecumenical Temple.
  3766 | D:6      | Reached skill level 5 in Dodging
  3766 | D:6      | Reached XP level 8. HP: 28/70 MP: 7/7
  3839 | D:6      | Reached skill level 8 in Long Blades
  3839 | D:6      | Reached skill level 6 in Armour
  4143 | D:6      | Reached skill level 7 in Fighting
  4206 | D:6      | Reached skill level 9 in Long Blades
  4253 | D:6      | Reached skill level 6 in Dodging
  4278 | D:6      | Reached **** piety under Trog
  4335 | D:6      | Reached XP level 9. HP: 49/79 MP: 8/8
  4340 | D:6      | Reached skill level 7 in Armour
  4722 | D:7      | Reached skill level 10 in Long Blades
  4801 | D:7      | Reached skill level 8 in Fighting
  5085 | D:7      | Reached skill level 7 in Dodging
  5376 | D:8      | Reached skill level 8 in Armour
  5410 | D:8      | Reached skill level 11 in Long Blades
  5462 | D:8      | Reached ***** piety under Trog
  5462 | D:8      | Received a gift from Trog
  5478 | D:8      | Reached XP level 10. HP: 60/90 MP: 9/9
  5734 | D:8      | Found a staircase to the Lair.
  5788 | D:8      | Reached skill level 9 in Fighting
  5997 | D:8      | Reached skill level 8 in Dodging
  6029 | D:8      | Received a gift from Trog
  6029 | D:8      | Reached skill level 12 in Long Blades
  6088 | D:9      | Found Gyemaitu's Food Shop.
  6243 | D:9      | Found Eranonn's General Store.
  6249 | D:9      | Noticed a manticore
  6265 | D:9      | Killed a manticore
  6265 | D:9      | Reached skill level 9 in Armour
  6265 | D:9      | Reached skill level 1 in Evocations
  6473 | D:9      | Found the cursed necklace of Bloodlust {*Rage +Rage MR++
                  | Int-3 Slay+6 *Curse}
  6475 | D:9      | Noticed a death knight
  6496 | D:9      | Killed a death knight
  6496 | D:9      | Reached skill level 2 in Evocations
  6511 | D:9      | Reached XP level 11. HP: 81/99 MP: 11/11
  6556 | D:9      | Identified Fynivi's Primer on Spellweaving
  6576 | D:9      | Identified the Grimoire of the Evil Arsonist
  6611 | D:9      | Reached skill level 10 in Fighting
  6750 | D:9      | Noticed a two-headed ogre
  6756 | D:9      | Killed a two-headed ogre
  6756 | D:9      | Reached skill level 13 in Long Blades
  6946 | Lair:1   | Entered Level 1 of the Lair of Beasts
  6971 | Lair:1   | Got a faintly glowing ring mail
  7112 | Lair:1   | Reached skill level 3 in Evocations
  7356 | Lair:1   | Identified the +2 ring mail of Xiymimn {Str+6 Dex-3 Slay+2}
                  | (You found it on level 1 of the Lair of Beasts)
  7376 | Lair:1   | Got a pair of brightly glowing gloves
  7387 | Lair:1   | Identified the cursed +0 pair of gloves of the Unbroken
                  | {rElec Int+3} (You found it on level 1 of the Lair of
                  | Beasts)
  7920 | Lair:2   | Found a staircase to the Shoals.
  7933 | Lair:2   | Noticed Urug
  7946 | Lair:2   | Killed Urug
  7946 | Lair:2   | Reached skill level 10 in Armour
  7990 | Lair:2   | Found a blossoming altar of Fedhas.
  8671 | Lair:3   | Reached skill level 4 in Evocations
  8794 | Lair:3   | Noticed a seven-headed hydra
  8802 | Lair:3   | Killed a seven-headed hydra
  8802 | Lair:3   | Reached skill level 14 in Long Blades
  8912 | Lair:3   | Reached skill level 11 in Fighting
  9079 | Lair:3   | Found a hole to the Spider Nest.
  9079 | Lair:3   | Noticed an orb spider
  9629 | Lair:4   | Reached XP level 12. HP: 108/110 MP: 14/14
  9694 | Lair:4   | Noticed a death yak
  9694 | Lair:4   | Noticed a death yak
  9713 | Lair:4   | Killed a death yak
  9732 | Lair:4   | Noticed a death yak
  9753 | Lair:4   | Noticed a death yak
  9755 | Lair:4   | Noticed a death yak
  9757 | Lair:4   | Killed a death yak
  9757 | Lair:4   | Reached skill level 11 in Armour
  9763 | Lair:4   | Killed a death yak
  9763 | Lair:4   | Reached skill level 5 in Evocations
  9764 | Lair:4   | Killed a death yak
  9767 | Lair:4   | Killed a death yak
  9824 | Lair:4   | Reached skill level 15 in Long Blades
  9848 | Lair:4   | HP: 26/111 [elephant (2)]
  9853 | Lair:4   | HP: 25/111 [poisoned by a spiny frog]
  9858 | Lair:4   | HP: 26/111 [poisoned by a spiny frog]
  9864 | Lair:4   | HP: 27/111 [poisoned by a spiny frog]
 10037 | Lair:4   | Reached skill level 12 in Fighting
 10037 | Lair:4   | Reached skill level 6 in Evocations
 10456 | Lair:4   | Reached skill level 12 in Armour
 10559 | Lair:5   | Noticed Snorg
 10575 | Lair:4   | Killed Snorg
 10575 | Lair:4   | Reached skill level 16 in Long Blades
 10751 | Lair:5   | Reached XP level 13. HP: 96/118 MP: 16/16
 10895 | Lair:5   | Found a staircase to the Slime Pits.
 11077 | Lair:5   | Received a gift from Trog
 11186 | Lair:6   | Entered Level 6 of the Lair of Beasts
 11335 | Lair:6   | Identified the Incunabulum of the Blaze and Cold
 11363 | Lair:6   | Found a dark tunnel.
 11372 | Volcano  | Entered a volcano
 11398 | Volcano  | Noticed a red draconian
 11408 | Volcano  | Killed a red draconian
 11497 | Volcano  | Reached skill level 7 in Evocations
 12003 | Lair:6   | Reached skill level 17 in Long Blades
 12018 | Lair:6   | Reached skill level 13 in Fighting
 12208 | Lair:6   | Reached skill level 13 in Armour
 12289 | Lair:6   | Noticed Rupert
 12308 | Lair:6   | Killed Rupert
 12308 | Lair:6   | Reached XP level 14. HP: 115/129 MP: 18/18
 12410 | Lair:6   | Reached skill level 8 in Evocations
 12738 | D:10     | Entered Level 10 of the Dungeon
 12924 | D:10     | Noticed Nergalle
 12930 | D:10     | Killed Nergalle
 13071 | D:10     | Found Dazewod's Assorted Antiques.
 13074 | D:10     | Bought a scroll of teleportation for 87 gold pieces
 13149 | D:9      | Bought the ring "Kiadgh" {+Blink rPois rN+ Dex+4} for 642
                  | gold pieces
 13669 | D:11     | Received a gift from Trog
 13962 | D:11     | Reached skill level 18 in Long Blades
 13964 | D:11     | Found a staircase to the Orcish Mines.
 14747 | D:12     | Received a gift from Trog
 15242 | D:12     | Got a heavily runed scale mail
 15337 | D:13     | Reached skill level 14 in Fighting
 15748 | D:14     | HP: 17/132 [freezing wraith[a death knight] (20)]
 15749 | D:14     | HP: 3/132 [death knight/+1 vampiric broad axe (12)]
 15983 | D:14     | Reached skill level 14 in Armour
 15989 | D:14     | Reached skill level 9 in Evocations
 16072 | D:14     | Received a gift from Trog
 16114 | D:14     | Found a frozen archway.
 16130 | D:14     | Identified the +1 scale mail "Aghax" {rF+ MR+ Int-5} (You
                  | found it on level 12 of the Dungeon)
 16148 | IceCv    | Entered an ice cave
 16682 | D:14     | HP: 27/133 [wizard/lance of force (12)]
 16682 | D:14     | HP: 5/133 [ogre mage/bolt of cold (17)]
 16683 | D:14     | Mangled by a vault guard

Levels and vault maps discovered:
D:1:      scummos_arrival_gate, layout_rooms, minmay_misc_feat_room
D:2:      layout_basic, first_ration, serial_park_tiny_pond,
          grunt_decor_fettered
D:3:      layout_loops_ring
D:4:      layout_loops_cross, hangedman_abyss_or_decor_stagger
D:5:      layout_basic, marbit_many_paths, minmay_temple_entry_purple_smoke
D:6:      layout_basic, hangedman_decor_lopped, minmay_between
D:7:      layout_loops_ring
D:8:      layout_basic, due_lair_maze_entry_diamond, serial_undead,
          serial_undead_d, serial_undead_e, serial_undead_a, serial_undead_a
D:9:      layout_loops_ring, serial_shops,
          nicolae_shop_temple_entry_statues_fountains, shop, minmay_the_grid_2x2
          [minmay_the_grid_gridbox, minmay_the_grid_odd_star,
          minmay_the_grid_outer_diamond,
          minmay_the_grid_prize_four_corners_diamond_b]
D:10:     layout_irregular_city, serial_shops, kennysheep_mini_moat,
          david_nohive_1, uniq_nergalle
D:11:     layout_long_grid, orc_david_3, minivault_24, st_stairs_6
D:12:     layout_loops_corners
D:13:     layout_basic, minivault_26
D:14:     layout_small_grid, grunt_vaults_entry_fortified,
          hangedman_abyss_or_decor_lesser_grid, portal_ice_cave_demonic_guard
Lair:1:   layout_concentric_octagons, minivault_11
Lair:2:   layout_regular_city, shoals_dummy_entry, basic_altar,
          lemuel_fruit_fields, uniq_urug
Lair:3:   layout_gridlike, nicolae_spider_entry_orb_guardian, grunt_megastairs_4
Lair:4:   layout_roguey
Lair:5:   layout_regular_city, minmay_slime_entry_oklob_enclosed, uniq_snorg
Lair:6:   grunt_lair_end_beastmaster, layout_gridlike,
          lightli_volcano_entry_magma_tube, uniq_rupert

Skill      XL: |  1  2  3  4  5  6  7  8  9 10 11 12 13 14 |
---------------+-------------------------------------------+-----
Fighting       | 4 5 6 7 8 9 11 12 13 14 | 14.3
Long Blades    | 4 5 6 7 9 11 12 14 16 17 18 | 18.8
Armour         | 3 4 5 6 8 9 10 12 13 14 | 14.1
Dodging        | 3 4 5 6 7 8 |  8.0
Evocations     | 2 4 6 7 9 |  9.1

Action                   |  1- 3 |  4- 6 |  7- 9 | 10-12 | 13-15 || total
-------------------------+-------+-------+-------+-------+-------++-------
Melee: Falchion          |    50 |    39 |       |       |       ||    89
       Headbutt          |    10 |    28 |    97 |   112 |   163 ||   410
       Long sword        |       |    77 |   337 |   114 |       ||   528
       Great sword       |       |       |       |   308 |   356 ||   664
       Triple sword      |       |       |       |       |   182 ||   182
Throw: Dart              |       |     3 |     5 |       |     3 ||    11
Invok: Trog's Hand       |       |       |     3 |     5 |     2 ||    10
       Berserk           |       |       |     1 |     2 |     1 ||     4
       Brothers in Arms  |       |       |       |     2 |       ||     2
Evoke: Wand              |       |       |       |     4 |     3 ||     7
       Sack of spiders   |       |       |       |       |     1 ||     1
  Use: Scroll            |       |     1 |    12 |     9 |    10 ||    32
 Stab: Sleeping          |       |     6 |       |       |       ||     6
  Eat: Chunk             |     1 |     5 |    11 |    22 |    25 ||    64
       Ration            |       |       |       |     1 |       ||     1
Armor: Ring mail         |    16 |    36 |       |       |       ||    52
       Chain mail        |       |     8 |   140 |   249 |   266 ||   663
Dodge: Dodged            |    37 |    72 |   170 |   303 |   364 ||   946
       Rpst.: Falchion   |    10 |     3 |       |       |       ||    13
       Long sword        |       |    16 |    41 |    22 |       ||    79
       Great sword       |       |       |       |    35 |    45 ||    80
       Triple sword      |       |       |       |       |    34 ||    34

Table legend:
 A = Non-vault XP
 B = Vault XP
 C = Vault XP percentage of total XP
 D = Non-vault monster count
 E = Vault monster count
 F = Vault count percentage of total count
                 A         B        C        D         E       F
            +---------+---------+-------+---------+---------+-------
      Total |   68355 |   29619 |  30.2 |     514 |      94 |  15.5
            +---------+---------+-------+---------+---------+-------
        D:1 |       8 |       0 |   0.0 |       5 |       0 |   0.0
        D:2 |      70 |       0 |   0.0 |      22 |       0 |   0.0
        D:3 |      82 |       0 |   0.0 |      29 |       0 |   0.0
        D:4 |     521 |       0 |   0.0 |      21 |       0 |   0.0
        D:5 |     525 |      42 |   7.4 |      18 |       1 |   5.3
        D:6 |    1773 |     186 |   9.5 |      45 |       4 |   8.2
        D:7 |    1348 |       0 |   0.0 |      35 |       0 |   0.0
        D:8 |    1700 |    1746 |  50.7 |      44 |      19 |  30.2
        D:9 |    2384 |    1893 |  44.3 |      30 |      13 |  30.2
       D:10 |    3556 |    1982 |  35.8 |      19 |      16 |  45.7
       D:11 |    5416 |     318 |   5.5 |      59 |       3 |   4.8
       D:12 |    7177 |       0 |   0.0 |      43 |       0 |   0.0
       D:13 |    3123 |       0 |   0.0 |      23 |       0 |   0.0
       D:14 |    9371 |    1208 |  11.4 |      28 |       4 |  12.5
     Lair:1 |     951 |       0 |   0.0 |       6 |       0 |   0.0
     Lair:2 |     456 |     478 |  51.2 |       4 |       1 |  20.0
     Lair:3 |    6478 |     605 |   8.5 |      20 |       2 |   9.1
     Lair:4 |   15415 |    1202 |   7.2 |      35 |       1 |   2.8
     Lair:5 |    2323 |       0 |   0.0 |      12 |       0 |   0.0
     Lair:6 |    5678 |   13926 |  71.0 |      16 |      23 |  59.0
      IceCv |       0 |     325 | 100.0 |       0 |       1 | 100.0
    Volcano |       0 |    5708 | 100.0 |       0 |       6 | 100.0
            +---------+---------+-------+---------+---------+-------

Levels and vault maps discovered:
D:1:      scummos_arrival_gate, layout_rooms, minmay_misc_feat_room
D:2:      layout_basic, first_ration, serial_park_tiny_pond,
          grunt_decor_fettered
D:3:      layout_loops_ring
D:4:      layout_loops_cross, hangedman_abyss_or_decor_stagger
D:5:      layout_basic, marbit_many_paths, minmay_temple_entry_purple_smoke
D:6:      layout_basic, hangedman_decor_lopped, minmay_between
D:7:      layout_loops_ring
D:8:      layout_basic, due_lair_maze_entry_diamond, serial_undead,
          serial_undead_d, serial_undead_e, serial_undead_a, serial_undead_a
D:9:      layout_loops_ring, serial_shops,
          nicolae_shop_temple_entry_statues_fountains, shop, minmay_the_grid_2x2
          [minmay_the_grid_gridbox, minmay_the_grid_odd_star,
          minmay_the_grid_outer_diamond,
          minmay_the_grid_prize_four_corners_diamond_b]
D:10:     layout_irregular_city, serial_shops, kennysheep_mini_moat,
          david_nohive_1, uniq_nergalle
D:11:     layout_long_grid, orc_david_3, minivault_24, st_stairs_6
D:12:     layout_loops_corners
D:13:     layout_basic, minivault_26
D:14:     layout_small_grid, grunt_vaults_entry_fortified,
          hangedman_abyss_or_decor_lesser_grid, portal_ice_cave_demonic_guard
Lair:1:   layout_concentric_octagons, minivault_11
Lair:2:   layout_regular_city, shoals_dummy_entry, basic_altar,
          lemuel_fruit_fields, uniq_urug
Lair:3:   layout_gridlike, nicolae_spider_entry_orb_guardian, grunt_megastairs_4
Lair:4:   layout_roguey
Lair:5:   layout_regular_city, minmay_slime_entry_oklob_enclosed, uniq_snorg
Lair:6:   grunt_lair_end_beastmaster, layout_gridlike,
          lightli_volcano_entry_magma_tube, uniq_rupert

Table legend:
 A = Turns spent in this place as a percentage of turns spent in the entire game.
 B = Non-inter-level travel turns spent in this place as a percentage of non-inter-level travel turns spent in the entire game.
 C = Inter-level travel turns spent in this place as a percentage of turns spent in this place.
 D = Turns resting spent in this place as a percentage of non-inter-level travel turns spent in this place.
 E = Turns spent auto-exploring this place as a percentage of non-inter-level travel turns spent in this place.
 F = Non-inter-level travel turns spent in this place divided by the number of levels of this place that you've seen.
                   A       B       C       D       E      F
               +-------+-------+-------+-------+-------+----------------------
         Total | 100.0 | 100.0 |   6.0 |  12.8 |  63.5 | 713.0
       Dungeon |  65.3 |  65.2 |   6.1 |  11.8 |  63.7 | 730.1
          Lair |  33.6 |  33.6 |   5.9 |  15.2 |  65.1 | 879.0
      Ice Cave |   0.2 |   0.2 |   0.0 |   0.0 |  17.2 |  29.0
       Volcano |   1.0 |   1.0 |   0.0 |   0.0 |   0.0 | 161.0
               +-------+-------+-------+-------+-------+----------------------

Table legend:
 A = Kills in this place as a percentage of kills in entire the game.
 B = Kills by you in this place as a percentage of kills by you in the entire game.
 C = Kills by friends in this place as a percentage of kills by friends in the entire game.
 D = Other kills in this place as a percentage of other kills in the entire game.
 E = Experience gained in this place as a percentage of experience gained in the entire game.
 F = Experience gained in this place divided by the number of levels of this place that you have seen.
                   A       B       C       D       E      F
               +-------+-------+-------+-------+-------+----------------------
         Total | 100.0 | 100.0 |   N/A |   N/A | 100.0 | 4453.4
       Dungeon |  79.1 |  79.1 |   N/A |   N/A |  45.3 | 3173.5
          Lair |  19.7 |  19.7 |   N/A |   N/A |  48.5 | 7918.7
      Ice Cave |   0.2 |   0.2 |   N/A |   N/A |   0.3 | 325.0
       Volcano |   1.0 |   1.0 |   N/A |   N/A |   5.8 | 5708.0
               +-------+-------+-------+-------+-------+----------------------
